 Dungeon Crawl Stone Soup version 0.31-a0-620-gd1cbd99268 (webtiles) character file.

Game seed: 13611999186204702664

277 IndexError the Ruffian (level 6, -10/54 HPs)
             Began as a Troll Shapeshifter on Aug 23, 2023.
             Was an Initiate of Jiyva.
             Mangled by an ogre
             ... wielding a +0 giant club
              (24 damage)
             ... on level 4 of the Dungeon.
             The game lasted 00:03:57 (2762 turns).

IndexError the Ruffian (Troll Shapeshifter)         Turns: 2762, Time: 00:03:57

Health: -10/54     AC:  4    Str: 24    XL:     6   Next: 4%
Magic:  5/5        EV:  9    Int:  6    God:    Jiyva [......]
Gold:   252        SH:  0    Dex: 10    Spells: 5/5 levels left

rFire   . .          .
                       - Unarmed
rCold   . . .        (no shield)
rNeg    . . .        a - +0 animal skin
rPois   .            (helmet currently unavailable)
rElec   .            (cloak currently unavailable)
rCorr   .            (gloves unavailable)
SInv    .            (boots unavailable)
Will    .....        (no amulet)
Stlth   +            (no ring)
HPRegen 1.09/turn    (no ring)
MPRegen 0.09/turn

%: no passive effects
@: beast-form
A: beast (slay +1), large, unfitting armour, claws 3, regeneration 1, shaggy fur
1, tough skin 1
a: Begin Untransformation, Renounce Religion


You were on level 4 of the Dungeon.
You worshipped Jiyva.
Jiyva was noncommittal.
You were a hulking beast.
You visited 1 branch of the dungeon, and saw 4 of its levels.
You also visited: Sewer.

You collected 252 gold pieces.

Inventory:

Missiles
 q - 6 javelins
Armour
 a - a +0 animal skin (worn)
Magical Staves
 j - a staff of conjuration {!a}
   (You found it on level 2 of the Dungeon)
 p - a staff of earth
   (You found it on level 2 of the Dungeon)
Jewellery
 n - an amulet of guardian spirit {Spirit}
   (You found it on level 2 of the Dungeon)
Talismans
 c - a beast talisman (active)
 d - a flux talisman
 l - a blade talisman
   (You found it on level 2 of the Dungeon)
Scrolls
 e - 2 scrolls of poison {unknown}
 g - a scroll of identify {unknown}
 h - a scroll of amnesia {unknown}
 o - 4 scrolls of teleportation {unknown}
 r - a scroll of fog {unknown}
 t - a scroll of noise {unknown}
Potions
 b - a potion of lignification {!q}
 f - 2 potions of haste {unknown}
 i - a potion of cancellation {unknown}
 k - 4 potions of brilliance {unknown}
 m - a potion of degeneration {unknown}
 s - a potion of curing {unknown}
 u - a potion of invisibility {unknown}


   Skills:
 - Level 0.7 Fighting
 - Level 1.5 Dodging
 + Level 6.8 Unarmed Combat
 - Level 3.0 Shapeshifting


You had 5 spell levels left.
You didn't know any spells.
Your spell library contained the following spells:

 Spells                   Type           Power      Damage    Failure   Level
 Apportation              Tloc           0%         N/A       45%         1
 Necrotise                Necr           0%         1d4       45%         1
 Summon Small Mammal      Summ           0%         N/A       45%         1


Dungeon Overview and Level Annotations

Branches:
Dungeon (4/15)              Sewer (visited)
 Temple: D:4-7

Altars:
Yredelemnul

Shops:
D:1 (


Innate Abilities, Weirdness & Mutations

You are a hulking beast.
Your limbs bulge with bestial killing power. (Slay +1)
You are too large for most types of armour.
You have claws for hands.
Your natural rate of healing is unusually fast.
You are covered in fur. (AC +1)
You have tough skin. (AC +1)


Message History

You see here a +0 robe.
You hear a distant slurping noise.
You hear a distant slurping noise.
There is a stone staircase leading up here.
o - 4 scrolls labelled PEVVOILONN (gained 1) Done exploring.
Done exploring.
Done exploring.
Done exploring.
Done exploring.
You hear a distant slurping noise.
There is an escape hatch in the floor here.
There is a stone staircase leading down here.
You climb downwards.
The ufetubus shouts!
There is a stone staircase leading up here.
You claw the ufetubus!
No target in view!
You hear a distant slurping noise.
There is a stone staircase leading up here.
You climb upwards.
You hear a distant slurping noise.
There is a stone staircase leading down here.
You can't go up here!
There is a stone staircase leading down here.
You climb downwards.
Found a war axe and a glowing robe.
Found a stone staircase leading down.
There is a stone staircase leading up here.
You closely miss the quokka. The quokka bites you.
You take 1 damage, and have 45/46 hp.
You scratch the quokka. The quokka barely misses you.
Health restored: 46 You closely miss the quokka.
The quokka bites you but does no damage.
The quokka barely misses you.
You claw the quokka!
The quokka bites you but does no damage.
You barely miss the quokka. The quokka bites you.
The quokka closely misses you.
You take 4 damage, and have 42/46 hp.
You scratch the quokka. The quokka barely misses you.
You barely miss the giant cockroach. The quokka bites you.
The giant cockroach bites you but does no damage.
You take 1 damage, and have 41/46 hp.
You closely miss the giant cockroach. The quokka bites you.
The giant cockroach bites you.
You take 3 damage, and have 38/46 hp.
You mangle the giant cockroach!! The quokka bites you.
You closely miss the quokka. The quokka closely misses you.
You claw the quokka!
No target in view!
You climb upwards.
There is a stone staircase leading down here.
You regained 3 hp, and now have 43/46 hp.
HP restored.
Jiyva says: Divide and consume!
You hear a distant slurping noise.
You hear a distant slurping noise.
You hear a distant slurping noise.
You hear a distant slurping noise. x2
There is a stone staircase leading down here.
Health restored: 46 You climb downwards.
The hobgoblin shouts!
There is a stone staircase leading up here.
You barely miss the scorpion. The hobgoblin hits you.
The scorpion barely misses you.
You take 1 damage, and have 45/46 hp.
You mangle the scorpion!! The hobgoblin barely misses you.
You have reached level 6!
You feel stronger.
Health restored: 54; MP restored: 5 You claw the hobgoblin!
No target in view!
You hear a distant slurping noise.
You hear a distant slurping noise.
A worm comes into view.
The worm bites you.
You take 4 damage, and have 50/54 hp.
You claw the worm! You claw the worm!
No target in view!
HP restored.
An ogre comes into view. It is wielding a +0 giant club.
The ogre shouts!
Health restored: 54 An ogre is nearby!
The ogre hits you with a +0 giant club!!
Ouch! That really hurt!
You take 28 damage, and have 26/54 hp.
MASSIVE DAMAGE!!
You are too injured to fight recklessly!
You are too injured to fight recklessly!
You are too injured to fight recklessly!
You barely miss the ogre. The ogre hits you with a +0 giant club!
* * * LOW HITPOINT WARNING * * *
You take 16 damage, and have 11/54 hp.
MASSIVE DAMAGE!!
You barely miss the ogre. You barely miss the ogre. The ogre barely misses you.
You mangle the ogre!!
The ogre hits you with a +0 giant club!!
You die...

..####..
#......#
+......#
#......#
#......#
#...$..#
.#......#
######.#.h....#
#......#..O...#
#......+.######
#......#.#
#......#.#
#......#.#
#<.....#.#
#......#.#
#......#.#


You could see an ogre.

Vanquished Creatures
  A scorpion (D:4)
  2 jellies (Sewer)
  5 adders
  A river rat (Sewer)
  An ufetubus (D:4)
  3 worms
  A dart slug (D:2)
  4 orcs (D:3)
  8 ball pythons
  12 endoplasms
  5 giant cockroaches
  3 goblins
  6 hobgoblins
  3 jackals (D:1)
  9 quokkas
  7 bats
  8 frilled lizards
  4 kobolds
  8 rats
91 creatures vanquished.

Vanquished Creatures (others)
  A jelly (D:4)
  A hound (D:4)
  A ball python (Sewer)
3 creatures vanquished.

Grand Total: 94 creatures vanquished

Notes
Turn   | Place    | Note
-------+----------+-------------------------------------------
     0 | D:1      | IndexError the Troll Shapeshifter began the quest for the
                  | Orb.
     0 | D:1      | Reached XP level 1. HP: 18/18 MP: 0/0
   100 | D:1      | Reached XP level 2. HP: 26/26 MP: 1/1
   620 | D:1      | Reached skill level 4 in Unarmed Combat
   753 | D:1      | Found Inogump's Antique Weapon Shop.
   974 | D:2      | Reached XP level 3. HP: 30/32 MP: 2/2
  1052 | D:2      | Found a basalt altar of Yredelemnul.
  1419 | D:2      | Reached XP level 4. HP: 33/40 MP: 3/3
  1451 | D:2      | Reached skill level 5 in Unarmed Combat
  1968 | D:3      | Found a glowing drain.
  1983 | Sewer    | Entered a sewer
  2069 | Sewer    | HP: 10/40 [ball python (2)]
  2071 | Sewer    | HP: 3/40 [endoplasm (3)]
  2076 | Sewer    | HP: 6/40 [frozen (1)]
  2139 | Sewer    | Reached skill level 6 in Unarmed Combat
  2139 | Sewer    | Reached XP level 5. HP: 46/46 MP: 4/4
  2168 | Sewer    | Found a viscous altar of Jiyva.
  2189 | Sewer    | Became a worshipper of Jiyva Jeoroirc the Shapeless
  2444 | D:3      | Found a faded altar of an unknown god.
  2738 | D:4      | Reached XP level 6. HP: 54/54 MP: 5/5
  2759 | D:4      | HP: 11/54 [ogre/+0 giant club (17)]
  2762 | D:4      | Mangled by an ogre

Illustrated notes

Levels and vault maps discovered:
D:1:      dpeg_arrival_round_a, layout_basic, serial_shops,
          nicolae_shop_waterfront
D:2:      kennysheep_six_static_rooms, layout_basic, basic_altar, st_stairs_7,
          kennysheep_generic_room_12
D:3:      layout_loops_ring, chequers_ecumenical_altar_simple_redux,
          portal_sewer_entry_d
D:4:      layout_basic, minmay_temple_entry_nine_rooms, st_stairs_6,
          corexii_leaking_fountain, kennysheep_generic_room_16, uniq_duvessa

Skill      XL: |  1  2  3  4 |
---------------+-------------+-----
Unarmed Combat | 4 6 |  6.8
Fighting       | |  0.7
Dodging        | |  1.5
Shapeshifting  | |  3.0

Action                     |  1- 3 |  4- 6 || total
---------------------------+-------+-------++-------
  Melee: Unarmed           |    57 |   138 ||   195
         Punch             |     1 |       ||     1
   Stab: Sleeping          |     1 |     1 ||     2
 Armour: Animal skin       |    18 |    37 ||    55
  Dodge: Dodged            |    27 |    56 ||    83

Table legend: (Time is in decaauts)
 A = Elapsed time spent in this place.
 B = Non-inter-level travel time spent in this place.
 C = Inter-level travel time spent in this place.
 D = Time resting spent in this place.
 E = Time spent auto-exploring this place.
 F = Levels seen in this place.
 G = Mean time per level.
                   A        B        C        D        E       F      G
               +--------+--------+--------+--------+--------+-----+--------+
         Total |   2743 |   2471 |    272 |      0 |   1985 |   5 |  548.6 |
       Dungeon |   2483 |   2211 |    272 |      0 |   1847 |   4 |  620.8 |
         Sewer |    260 |    260 |      0 |      0 |    138 |   1 |  260.0 |
               +--------+--------+--------+--------+--------+-----+--------+

Top non-repeatable levels by time:
     D:1: 964 daAuts
     D:3: 796 daAuts
     D:2: 679 daAuts
   Sewer: 260 daAuts
     D:4: 42 daAuts

Levels and vault maps discovered:
D:1:      dpeg_arrival_round_a, layout_basic, serial_shops,
          nicolae_shop_waterfront
D:2:      kennysheep_six_static_rooms, layout_basic, basic_altar, st_stairs_7,
          kennysheep_generic_room_12
D:3:      layout_loops_ring, chequers_ecumenical_altar_simple_redux,
          portal_sewer_entry_d
D:4:      layout_basic, minmay_temple_entry_nine_rooms, st_stairs_6,
          corexii_leaking_fountain, kennysheep_generic_room_16, uniq_duvessa

Table legend: (Time is in decaauts)
 A = Elapsed time spent in this place.
 B = Non-inter-level travel time spent in this place.
 C = Inter-level travel time spent in this place.
 D = Time resting spent in this place.
 E = Time spent auto-exploring this place.
 F = Levels seen in this place.
 G = Mean time per level.
                   A        B        C        D        E       F      G
               +--------+--------+--------+--------+--------+-----+--------+
         Total |   2743 |   2471 |    272 |      0 |   1985 |   5 |  548.6 |
       Dungeon |   2483 |   2211 |    272 |      0 |   1847 |   4 |  620.8 |
         Sewer |    260 |    260 |      0 |      0 |    138 |   1 |  260.0 |
               +--------+--------+--------+--------+--------+-----+--------+

Top non-repeatable levels by time:
     D:1: 964 daAuts
     D:3: 796 daAuts
     D:2: 679 daAuts
   Sewer: 260 daAuts
     D:4: 42 daAuts

Table legend:
 A = Kills in this place as a percentage of kills in the entire game.
 B = Kills by you in this place as a percentage of kills by you in the entire game.
 C = Kills by friends in this place as a percentage of kills by friends in the entire game.
 D = Other kills in this place as a percentage of other kills in the entire game.
 E = Experience gained in this place as a percentage of experience gained in the entire game.
 F = Experience gained in this place divided by the number of levels of this place that you have seen.
                   A       B       C       D       E      F
               +-------+-------+-------+-------+-------+----------------------
         Total | 100.0 | 100.0 |   N/A |   N/A | 100.0 |  79.2
       Dungeon |  75.8 |  75.8 |   N/A |   N/A |  64.9 |  64.2
         Sewer |  24.2 |  24.2 |   N/A |   N/A |  35.1 | 139.0
               +-------+-------+-------+-------+-------+----------------------
